PBL
PHILADELPHIA PHILLIES @ NEW YORK METS
10/04/2070
 
TOP OF THE 1ST
Philadelphia Phillies batting - Pitching for New York Mets : RHP Ed Walker
Pitching: RHP Ed Walker
Batting: LHB Iván Ruíz 0-0: Ball
1-0: Ball
2-0: Foul Ball, location: 3FF
2-1: Foul Ball, location: 7LDF
2-2: Foul Ball, location: 3F
2-2: Foul Ball, location: 3FF
2-2: SINGLE (Line Drive, 56D, EV 101.3 MPH)
Batting: LHB Alonso Castillo 0-0: Ball
1-0: Ball
2-0: Foul Ball, location: 3FF
2-1: Called Strike
2-2: Ball
3-2: Fly out, F8 (Flyball, 8LD, EV 91.3 MPH)
Batting: RHB Armando Gracía 0-0: Ball
1-0: Ball
2-0: Foul Ball, location: 2F
2-1: Foul Ball, location: 2F
2-2: Foul Ball, location: 25F
2-2: DOUBLE (Line Drive, 5D, EV 97.5 MPH)
Iván Ruíz to third
Runner from 3rd tries for Home, SAFE, throw by LF to trailing runner, OUT at third! 7-3-5
Batting: RHB Bill McBryde 0-0: Called Strike
0-1: Foul Ball, location: 9LSF
0-2: Strikes out swinging
Top of the 1st over - 1 run, 2 hits, 0 errors, 0 left on base; Philadelphia 1 - New York 0
BOTTOM OF THE 1ST
New York Mets batting - Pitching for Philadelphia Phillies : RHP Juan Hernández
Pitching: RHP Juan Hernández
Batting: RHB Gerald McCoy 0-0: Ball
1-0: Fly out, F7 (Flyball, 7S, EV 90.6 MPH)
Batting: RHB Jack McConnell 0-0: Swinging Strike
0-1: Called Strike
0-2: Ball
1-2: Foul Ball, location: 3F
1-2: Strikes out swinging
Batting: SHB Nathan Carter 0-0: Called Strike
0-1: Ball
1-1: SINGLE (Groundball, 34S, EV 65.6 MPH) (infield hit)
Batting: LHB Jorge Núñez 0-0: Swinging Strike
0-1: Foul Ball, location: 2F
0-2: Ball
1-2: Ball
2-2: Ball
3-2: Ground out 4-3 (Groundball, 34, EV 78.8 MPH)
Bottom of the 1st over - 0 runs, 1 hit, 0 errors, 1 left on base; Philadelphia 1 - New York 0
TOP OF THE 2ND
Philadelphia Phillies batting - Pitching for New York Mets : RHP Ed Walker
Batting: RHB Ezra Schneider 0-0: Ground out 2-3 (Groundball, 2L, EV 66.3 MPH)
Batting: RHB David Paige 0-0: Ball
1-0: Swinging Strike
1-1: Ball
2-1: Ball
3-1: Foul Ball, location: 2F
3-2: Foul Ball, location: 2F
3-2: Fly out, F9 (Flyball, 9S, EV 95.6 MPH)
Batting: RHB Anthony Mills 0-0: Called Strike
0-1: SOLO HOME RUN (Flyball, 9D, EV 95.6 MPH), Distance : 380 ft
Batting: RHB Atas Sekayi 0-0: Ball
1-0: Swinging Strike
1-1: Swinging Strike
1-2: Strikes out swinging
Top of the 2nd over - 1 run, 1 hit, 0 errors, 0 left on base; Philadelphia 2 - New York 0
BOTTOM OF THE 2ND
New York Mets batting - Pitching for Philadelphia Phillies : RHP Juan Hernández
Batting: SHB Tsuneari Yamaguchi 0-0: Called Strike
0-1: Ball
1-1: Fly out, F8 (Flyball, 8LD, EV 86.3 MPH)
Batting: LHB Pablo Sánchez 0-0: Ground out 3-1 (Groundball, 34S, EV 88.1 MPH)
Batting: LHB Bob Mack 0-0: Called Strike
0-1: Foul Ball, location: 7LDF
0-2: Ball
1-2: Ball
2-2: Strikes out swinging
Bottom of the 2nd over - 0 runs, 0 hits, 0 errors, 0 left on base; Philadelphia 2 - New York 0
TOP OF THE 3RD
Philadelphia Phillies batting - Pitching for New York Mets : RHP Ed Walker
Batting: RHB Vincente López 0-0: Called Strike
0-1: Ball
1-1: SINGLE (Groundball, 34D, EV 95.0 MPH)
Batting: LHB Iván Ruíz 0-0: Ball
1-0: Bunted foul
1-1: Called Strike
1-2: Foul Ball, location: 2F
1-2: Ball
2-2: Ball
3-2: Strikes out swinging
Batting: LHB Alonso Castillo 0-0: Ball
1-0: Foul Ball, location: 9LMF
1-1: Ball
2-1: Foul Ball, location: 23F
2-2: Strikes out swinging
Batting: RHB Armando Gracía 0-0: Ball
1-0: Called Strike
1-1: Ball
2-1: Foul Ball, location: 23FF
2-2: Foul Ball, location: 2F
2-2: Strikes out looking
Top of the 3rd over - 0 runs, 1 hit, 0 errors, 1 left on base; Philadelphia 2 - New York 0
BOTTOM OF THE 3RD
New York Mets batting - Pitching for Philadelphia Phillies : RHP Juan Hernández
Batting: RHB Jerome Morales 0-0: SINGLE (Groundball, 4MD, EV 102.5 MPH)
Batting: LHB Raúl Ferrer 0-0: Ball
1-0: SINGLE (Popup, 4D, EV 50.0 MPH)
Jerome Morales to second
Batting: RHB Gerald McCoy 0-0: Ball
1-0: Sac Bunt to P - play at third, runner OUT! 1-5
Raúl Ferrer to second
Batting: RHB Jack McConnell 0-0: Ball
1-0: Called Strike
1-1: Swinging Strike
1-2: Ball
2-2: Foul Ball, location: 2F
2-2: Foul Ball, location: 23FF
2-2: Foul Ball, location: 2F
2-2: Ball
3-2: DOUBLE (Line Drive, 3D, EV 100.6 MPH)
Raúl Ferrer scores
Gerald McCoy to third
Runner from 3rd tries for Home, SAFE, throw by RF to home
Batting: SHB Nathan Carter 0-0: Ball
1-0: Fly out, F8 (Flyball, 78M, EV 81.9 MPH)
Batting: LHB Jorge Núñez 0-0: Swinging Strike
0-1: Called Strike
0-2: Ground out U3 (Groundball, 34S, EV 60.6 MPH)
Bottom of the 3rd over - 2 runs, 3 hits, 0 errors, 1 left on base; Philadelphia 2 - New York 2
TOP OF THE 4TH
Philadelphia Phillies batting - Pitching for New York Mets : RHP Ed Walker
Batting: RHB Bill McBryde 0-0: Foul Ball, location: 2F
0-1: Ball
1-1: Called Strike
1-2: Foul Ball, location: 3SF
1-2: Strikes out swinging
Batting: RHB Ezra Schneider 0-0: Ball
1-0: Ball
2-0: Ball
3-0: Called Strike
3-1: Swinging Strike
3-2: Foul Ball, location: 23F
3-2: Ground out 6-3 (Groundball, 6, EV 84.4 MPH)
Batting: RHB David Paige 0-0: Ground out 5-3 (Groundball, 56, EV 101.9 MPH)
Top of the 4th over - 0 runs, 0 hits, 0 errors, 0 left on base; Philadelphia 2 - New York 2
BOTTOM OF THE 4TH
New York Mets batting - Pitching for Philadelphia Phillies : RHP Juan Hernández
Batting: SHB Tsuneari Yamaguchi 0-0: Ball
1-0: Ball
2-0: Ball
3-0: Called Strike
3-1: Ground out 6-3 (Groundball, 6M, EV 81.3 MPH)
Batting: LHB Pablo Sánchez 0-0: Called Strike
0-1: Ground out U3 (Groundball, 3, EV 103.8 MPH)
Batting: LHB Bob Mack 0-0: Ball
1-0: Ball
2-0: Bunted foul
2-1: Ground out 4-3 (Groundball, 34, EV 104.4 MPH)
Bottom of the 4th over - 0 runs, 0 hits, 0 errors, 0 left on base; Philadelphia 2 - New York 2
TOP OF THE 5TH
Philadelphia Phillies batting - Pitching for New York Mets : RHP Ed Walker
Batting: RHB Anthony Mills 0-0: Ball
1-0: Foul Ball, location: 9LDF
1-1: Ball
2-1: Ground out 5-3 (Groundball, 56S, EV 88.8 MPH)
Batting: RHB Atas Sekayi 0-0: Ground out 4-3 (Groundball, 4, EV 81.3 MPH)
Batting: RHB Vincente López 0-0: Ball
1-0: Called Strike
1-1: Ball
2-1: Foul Ball, location: 2F
2-2: Ground out 5-3 (Groundball, 56, EV 85.6 MPH)
Top of the 5th over - 0 runs, 0 hits, 0 errors, 0 left on base; Philadelphia 2 - New York 2
BOTTOM OF THE 5TH
New York Mets batting - Pitching for Philadelphia Phillies : RHP Juan Hernández
Batting: RHB Jerome Morales 0-0: Fly out, F8 (Flyball, 8LD, EV 96.3 MPH)
Batting: LHB Raúl Ferrer 0-0: Called Strike
0-1: Ball
1-1: Foul Ball, location: 7LDF
1-2: Foul Ball, location: 2F
1-2: Foul Ball, location: 2F
1-2: Ball
2-2: Ball
3-2: Fly out, F8 (Flyball, 8LXD, EV 96.3 MPH)
Batting: RHB Gerald McCoy 0-0: Ground out 5-3 (Groundball, 56S, EV 68.1 MPH)
Bottom of the 5th over - 0 runs, 0 hits, 0 errors, 0 left on base; Philadelphia 2 - New York 2
TOP OF THE 6TH
Philadelphia Phillies batting - Pitching for New York Mets : RHP Ed Walker
Batting: LHB Iván Ruíz 0-0: Fly out, F7 (Line Drive, 78M, EV 94.4 MPH)
Batting: LHB Alonso Castillo 0-0: Called Strike
0-1: SINGLE (Groundball, 34D, EV 98.1 MPH)
Batting: RHB Armando Gracía 0-0: Foul Ball, location: 2F
0-1: Swinging Strike
0-2: Ball
1-2: Strikes out swinging
Batting: RHB Bill McBryde 0-0: Ball
1-0: Fielders Choice at 2nd, 5-4 (Groundball, 56, EV 107.5 MPH)
Top of the 6th over - 0 runs, 1 hit, 0 errors, 1 left on base; Philadelphia 2 - New York 2
BOTTOM OF THE 6TH
New York Mets batting - Pitching for Philadelphia Phillies : RHP Juan Hernández
Batting: RHB Jack McConnell 0-0: Called Strike
0-1: Foul Ball, location: 3FF
0-2: Fly out, F8 (Flyball, 8LXD, EV 99.4 MPH)
Batting: SHB Nathan Carter 0-0: Ball
1-0: Called Strike
1-1: Called Strike
1-2: Foul Ball, location: 9LDF
1-2: Ball
2-2: Ball
3-2: Foul Ball, location: 3FF
3-2: Fly out, F6 (Line Drive, 6MD, EV 68.1 MPH)
Batting: LHB Jorge Núñez 0-0: Called Strike
0-1: Ball
1-1: Ball
2-1: Called Strike
2-2: Foul Ball, location: 7LMF
2-2: Ball
3-2: Base on Balls
Batting: SHB Tsuneari Yamaguchi 0-0: Ball
1-0: Ball
2-0: Fly out, F9 (Flyball, 9D, EV 97.5 MPH)
Bottom of the 6th over - 0 runs, 0 hits, 0 errors, 1 left on base; Philadelphia 2 - New York 2
TOP OF THE 7TH
Philadelphia Phillies batting - Pitching for New York Mets : RHP Ed Walker
Batting: RHB Ezra Schneider 0-0: Foul Ball, location: 5F
0-1: Foul Ball, location: 2F
0-2: Foul Ball, location: 2RF
0-2: Ball
1-2: Fly out, F8 (Flyball, 8RD, EV 108.8 MPH)
Pitching: LHP Chris Cooley
Batting: RHB David Paige 0-0: Called Strike
0-1: Ground out 6-3 (Groundball, 6, EV 88.1 MPH)
Batting: RHB Anthony Mills 0-0: Ball
1-0: Swinging Strike
1-1: Fly out, F9 (Line Drive, 89M, EV 102.5 MPH)
Top of the 7th over - 0 runs, 0 hits, 0 errors, 0 left on base; Philadelphia 2 - New York 2
BOTTOM OF THE 7TH
New York Mets batting - Pitching for Philadelphia Phillies : RHP Juan Hernández
Batting: LHB Pablo Sánchez 0-0: Ball
1-0: SOLO HOME RUN (Flyball, 89XD, EV 105.0 MPH), Distance : 410 ft
Batting: LHB Bob Mack 0-0: Called Strike
0-1: Swinging Strike
0-2: Ball
1-2: Strikes out swinging
Batting: RHB Jerome Morales 0-0: Ball
1-0: Ball
2-0: Ball
3-0: Ground out 2-3 (Groundball, 15S, EV 70.0 MPH)
Batting: LHB Raúl Ferrer 0-0: Foul Ball, location: 2F
0-1: Ball
1-1: Foul Ball, location: 7LDF
1-2: Fly out, F8 (Flyball, 8LXD, EV 102.5 MPH)
Bottom of the 7th over - 1 run, 1 hit, 0 errors, 0 left on base; Philadelphia 2 - New York 3
TOP OF THE 8TH
Philadelphia Phillies batting - Pitching for New York Mets : LHP Chris Cooley
Batting: RHB Atas Sekayi 0-0: Ball
1-0: Ball
2-0: Swinging Strike
2-1: Ball
3-1: Base on Balls
Batting: RHB Vincente López 0-0: Ball
1-0: Ball
2-0: SINGLE (Line Drive, 89M, EV 110.0 MPH)
Atas Sekayi to second
Pinch Hitting: RHB Raúl Hernández 0-0: Called Strike
0-1: Ball
1-1: Fly out, F9 (Line Drive, 9, EV 101.3 MPH)
Runner from 2nd tags up, SAFE at 3rd with throw by RF
Pinch Hitting: RHB Troy Day 0-0: Ball
1-0: Swinging Strike
1-1: Fly out, F9 (Flyball, 89M, EV 97.5 MPH)
Batting: RHB Armando Gracía 0-0: Called Strike
0-1: Foul Ball, location: 9LMF
0-2: Ball
1-2: Foul Ball, location: 5SF
1-2: Strikes out swinging
Top of the 8th over - 0 runs, 1 hit, 0 errors, 2 left on base; Philadelphia 2 - New York 3
BOTTOM OF THE 8TH
New York Mets batting - Pitching for Philadelphia Phillies : RHP Juan Hernández
Pitching: RHP Russ Brown
Now in LF: Troy Day
Now in RF: Raúl Hernández
Batting: RHB Gerald McCoy 0-0: Called Strike
0-1: Swinging Strike
0-2: Strikes out swinging
Batting: RHB Jack McConnell 0-0: Ball
1-0: Called Strike
1-1: Ball
2-1: Ball
3-1: Foul Ball, location: 2LF
3-2: Fly out, F4 (Popup, 4M, EV 48.1 MPH)
Batting: SHB Nathan Carter 0-0: Ball
1-0: Ground out 4-3 (Groundball, 4D, EV 86.3 MPH)
Bottom of the 8th over - 0 runs, 0 hits, 0 errors, 0 left on base; Philadelphia 2 - New York 3
TOP OF THE 9TH
Philadelphia Phillies batting - Pitching for New York Mets : LHP Chris Cooley
Pitching: LHP Pablo Suárez
Batting: RHB Bill McBryde 0-0: Foul Ball, location: 2F
0-1: Fly out, F8 (Flyball, 8RXD, EV 107.5 MPH)
Batting: RHB Ezra Schneider 0-0: Ball
1-0: Foul Ball, location: 3FF
1-1: Ball
2-1: Called Strike
2-2: Ground out 6-3 (Groundball, 6, EV 79.4 MPH)
Batting: RHB David Paige 0-0: Called Strike
0-1: Ground out 6-3 (Groundball, 56S, EV 84.4 MPH)
Top of the 9th over - 0 runs, 0 hits, 0 errors, 0 left on base; Philadelphia 2 - New York 3
Thursday, February 22nd , 2024 - OOTP Baseball 24.11 Build 85